 Dungeon Crawl Stone Soup version 0.20.0-10-g0535bb4 (webtiles) character file.

36904 anfisbena the Severer (level 13, -2/113 HPs)
             Began as a Hill Orc Fighter on June 5, 2017.
             Was an Elder of Uskayaw.
             Slain by a death yak (6 damage)
             ... on level 6 of the Lair of Beasts.
             The game lasted 00:16:37 (18258 turns).

anfisbena the Severer (Hill Orc Fighter)           Turns: 18258, Time: 00:16:38

Health: -2/113     AC: 20    Str: 28    XL:     13   Next: 93%
Magic:  23/23      EV:  2    Int:  8    God:    Uskayaw [****..]
Gold:   1165       SH:  0    Dex: 18    Spells: 12/12 levels left

rFire    . . .     SeeInvis +   a - +10 hand axe of the Iron City of Dis {freeze, -Tele Str+8 Dex+4}
rCold    . . .     Gourm    .   D - +3 large shield of Pantheism {rN+}
rNeg     + + +     Faith    .   y - +0 plate armour {rPois}
rPois    ∞         Spirit   .   r - +0 helmet
rElec    .         Reflect  .   (no cloak)
rCorr    .         Harm     .   A - +0 pair of gloves
MR       +....     NoTele   +   m - +2 pair of boots of the Assassin {Detection Stab+ Stlth++}
Stlth    ..........             (no amulet)
Regen    0.3/turn               c - ring of protection from magic
MPRegen  0.2/turn               C - ring of see invisible

@: petrified
A: no striking features
a: Stomp, Line Pass, Renounce Religion


You were on level 6 of the Lair of Beasts.
You worshipped Uskayaw.
Uskayaw was pleased with you.
You were very hungry.

You visited 3 branches of the dungeon, and saw 15 of its levels.
You also visited: Ossuary and Volcano.

You collected 1165 gold pieces.

Inventory:

Hand Weapons
 a - the +10 hand axe of the Iron City of Dis (weapon) {freeze, -Tele Str+8 Dex+4}
   (You found it on level 7 of the Dungeon)

   It has been specially enchanted to freeze those struck by it, causing extra
   injury to most foes and up to half again as much damage against particularly
   susceptible opponents.
   It can also slow down cold-blooded creatures.
   It affects your strength (+8).
   It affects your dexterity (+4).
   It prevents most forms of teleportation.
 b - a +0 hand axe of flaming
Armour
 m - the +2 pair of boots of the Assassin (worn) {Detection Stab+ Stlth++}
   (You found it in a volcano)

   It makes you much more stealthy.
 r - a +0 helmet (worn)
 y - a +0 plate armour of poison resistance (worn)
 A - a +0 pair of gloves (worn)
 D - the +3 large shield of Pantheism (worn) {rN+}
   (You found it on level 5 of the Dungeon)

   It protects you from negative energy.
Jewellery
 c - a ring of protection from magic (left hand)
 C - a ring of see invisible (right hand)
Wands
 k - a wand of disintegration (13/24)
 o - a wand of clouds (1/9)
 O - a wand of random effects (21/48)
Scrolls
 e - a scroll of immolation {unknown}
 j - 3 scrolls of enchant armour
 s - 2 scrolls of magic mapping
 u - 5 scrolls of teleportation
 v - a scroll of summoning {unknown}
 w - 5 scrolls of amnesia
 E - a scroll of random uselessness {unknown}
 F - a scroll of enchant weapon {unknown}
 G - 2 scrolls of vulnerability {unknown}
 H - 3 scrolls of recharging
 I - 6 scrolls of remove curse
 J - 4 scrolls of identify
 P - 4 scrolls of fear
 Q - a scroll of fog {unknown}
Potions
 d - 2 potions of might
 l - a potion of agility {unknown}
 n - 12 potions of curing
 q - a potion of degeneration {unknown}
 t - a potion of magic {unknown}
 x - 3 potions of haste
 z - a potion of brilliance {unknown}
 B - a potion of flight {unknown}
 K - 2 potions of berserk rage {unknown}
 L - a potion of invisibility {unknown}
 N - 3 potions of mutation {unknown}
Comestibles
 f - 6 bread rations
 g - 9 royal jellies
 h - 20 fruits
 p - 6 meat rations


   Skills:
 - Level 10.0 Fighting
 + Level 17.3 Axes
 - Level 10.0 Armour
 + Level 11.5 Shields
 + Level 14.1 Invocations


You had 12 spell levels left.
You didn't know any spells.

Dungeon Overview and Level Annotations

Branches:
Dungeon (8/15)             Temple (1/1) D:5            Lair (6/6) D:8
  Swamp (0/4) Lair:3       Spider (0/4) Lair:4        Slime (0/5) Lair:6

Altars:
Ashenzari
Cheibriados
Dithmenos
Elyvilon
Fedhas
Gozag
Hepliaklqana
Kikubaaqudgha
Makhleb
Nemelex Xobeh
Okawaru
Qazlal
Ru
Sif Muna
Trog
Uskayaw
Vehumet
Xom
Yredelemnul
Zin
The Shining One

Shops:
D:5 !   D:7 [


Message History

* * * LOW HITPOINT WARNING * * *
The death yak gores you but does no damage.
The death yak barely misses you.
The death yak gores you but does no damage.
You have turned to stone.
You are engulfed in calcifying dust.
The catoblepas breathes a plume of calcifying dust at you.
The blast of calcifying dust hits you! The death yak gores you!!
* * * LOW HITPOINT WARNING * * *
The death yak gores you but does no damage. x2
You are engulfed in calcifying dust.
The death yak is no longer sharing its pain.
The catoblepas gores you!!
* * * LOW HITPOINT WARNING * * *
The death yak gores you!!
* * * LOW HITPOINT WARNING * * *
The death yak gores you!
* * * LOW HITPOINT WARNING * * *
The death yak gores you!
You die...

#.....#.. #...#.
..8.#...P.#.. #
....##....#.....#..
#.
....#..8.##.÷..##..
#. #.....÷.
#....##... #.
#......###...##....
#.#÷Y.k###.....###.#.
##..YYY##.P...P##
#### #P..Y@##......##
#.P...§.....###
##..P######## #.## ##


You could see 4 death yaks, a catoblepas and a lindwurm.

Vanquished Creatures
  5 hydras
  A dancing weapon (Volcano)
  2 death yaks
  Nergalle (Lair:2)
  5 wizards (Volcano)
  5 toenail golems (Volcano)
  4 black mambas
  4 elephants
  9 spiny frogs
  4 komodo dragons
  A rime drake (Lair:6)
  2 polar bears
  Grinder (D:3)
  10 hippogriffs
  A slime creature (D:7)
  8 blink frogs (Lair:3)
  2 redbacks (Lair:4)
  Sigmund (D:4)
  2 spriggans (Lair:2)
  2 wyverns
  47 yaks
  A basilisk (Lair:4)
  Eustachio (D:4)
  An acid dragon (D:7)
  12 water moccasins
  6 porcupines
  An orc warrior (D:8)
  A black bear (D:7)
  A sky beast (D:7)
  An eye of draining (Lair:6)
  An ice beast (D:7)
  2 phantoms
  6 ogres
  15 wolves
  3 centaurs
  9 crocodiles
  2 big kobolds
  2 elf zombies (Ossuary)
  9 bullfrogs
  2 scorpions
  10 killer bees (D:8)
  3 wights (D:8)
  4 crimson imps
  A bullfrog zombie (D:5)
  A centaur zombie (D:7)
  16 jellies
  A quasit (D:7)
  2 centaur skeletons
  2 bullfrog skeletons
  2 human zombies (Ossuary)
  3 orc priests
  4 hounds
  5 orc wizards
  5 worker ants
  2 big kobold zombies (Ossuary)
  2 hound zombies
  3 mummies (Ossuary)
  Robin (D:3)
  5 gnolls
  19 adders
  An ooze (D:6)
  6 adder zombies
  4 adder skeletons
  3 worms
  2 dart slugs (D:2)
  4 leopard geckos
  11 orcs
  A ball python (D:2)
  9 giant cockroaches
  A gnoll zombie (Ossuary)
  20 goblins
  15 hobgoblins
  14 jackals
  11 kobolds
  4 quokkas
  9 bats
  4 frilled lizards (D:1)
  3 goblin zombies (Ossuary)
  2 hobgoblin zombies (Ossuary)
  A jackal skeleton (D:5)
  3 jackal zombies (Ossuary)
  2 kobold zombies (Ossuary)
  An orc zombie (Ossuary)
  9 quokka zombies (Ossuary)
  8 rats
  5 rat zombies (Ossuary)
  A plant (D:1)
438 creatures vanquished.

Vanquished Creatures (others)
  2 orc warriors (D:7)
  A scorpion (D:7)
  A fungus (Lair:6)
  3 plants (Lair:6)
7 creatures vanquished.

Grand Total: 445 creatures vanquished

Notes
Turn   | Place    | Note
-------+----------+-------------------------------------------
     0 | D:1      | anfisbena the Hill Orc Fighter began the quest for the Orb.
     0 | D:1      | Reached XP level 1. HP: 19/19 MP: 1/1
   239 | D:1      | Reached skill level 3 in Axes
   240 | D:1      | Reached XP level 2. HP: 24/27 MP: 2/2
   993 | D:2      | Reached XP level 3. HP: 34/34 MP: 3/3
  1027 | D:2      | Found a sacrificial altar of Ru.
  1035 | D:2      | Reached skill level 4 in Axes
  1035 | D:2      | Reached XP level 4. HP: 31/41 MP: 4/4
  1133 | D:2      | Reached skill level 5 in Fighting
  1729 | D:2      | Reached skill level 5 in Axes
  1752 | D:2      | Reached XP level 5. HP: 48/48 MP: 5/5
  1800 | D:2      | Found a burning altar of Makhleb.
  1803 | D:2      | Found a basalt altar of Yredelemnul.
  1806 | D:2      | Found a shattered altar of Ashenzari.
  1826 | D:2      | Found an iron altar of Okawaru.
  2044 | D:3      | Found a deep blue altar of Sif Muna.
  2307 | D:3      | Noticed Grinder
  2323 | D:3      | Paralysed by Grinder for 2 turns
  2326 | D:3      | Paralysed by Grinder for 2 turns
  2330 | D:3      | Killed Grinder
  2330 | D:3      | Reached skill level 6 in Axes
  2330 | D:3      | Reached XP level 6. HP: 25/58 MP: 6/6
  2780 | D:3      | Reached skill level 7 in Axes
  3029 | D:3      | Noticed Robin
  3040 | D:3      | Killed Robin
  3040 | D:3      | Reached XP level 7. HP: 50/64 MP: 7/7
  3247 | D:3      | Found a faded altar of an unknown god.
  3492 | D:4      | Noticed Eustachio
  3510 | D:4      | Killed Eustachio
  3510 | D:4      | Reached skill level 8 in Axes
  3781 | D:4      | Noticed Sigmund
  3792 | D:4      | Killed Sigmund
  4180 | D:4      | Reached skill level 9 in Axes
  4323 | D:4      | Reached XP level 8. HP: 54/74 MP: 8/8
  5231 | D:5      | Entered Level 5 of the Dungeon
  5408 | D:5      | Reached skill level 10 in Axes
  5483 | D:5      | Found a glowing golden altar of the Shining One.
  5549 | D:5      | Got a distressingly furry large shield
  5592 | D:5      | Found a staircase to the Ecumenical Temple.
  5625 | Temple   | Entered the Ecumenical Temple
  5830 | Temple   | Became a worshipper of Uskayaw the Reveler
  5877 | D:5      | Found an ancient bone altar of Kikubaaqudgha.
  5941 | D:5      | Reached * piety under Uskayaw
  6057 | D:5      | You fall through a shaft for 2 floors!
  6057 | D:7      | Found a shimmering altar of Xom.
  6063 | D:7      | Noticed a slime creature
  6067 | D:7      | Reached ** piety under Uskayaw
  6189 | D:8      | Reached *** piety under Uskayaw
  6428 | D:8      | Reached skill level 11 in Axes
  6566 | D:8      | Found a sand-covered staircase.
  6690 | Ossuary  | Entered an ossuary
  6948 | Ossuary  | Reached XP level 9. HP: 77/83 MP: 9/9
  7336 | Ossuary  | Identified the +3 large shield of Pantheism {rN+} (You found it on level 5 of the Dungeon)
  7469 | D:8      | Reached skill level 12 in Axes
  7680 | D:8      | Found an ancient bone altar of Kikubaaqudgha.
  7804 | D:8      | Found a staircase to the Lair.
  7907 | D:8      | Reached **** piety under Uskayaw
  7908 | D:8      | Reached ***** piety under Uskayaw
  7952 | D:8      | HP: 4/85 [poisoned by a killer bee]
  8443 | D:8      | Reached skill level 13 in Axes
  8445 | D:8      | Reached skill level 10 in Fighting
  8693 | D:7      | Reached skill level 1 in Invocations
  9412 | D:6      | Reached XP level 10. HP: 93/93 MP: 13/13
  9839 | D:5      | Found Setz's Distillery.
  9866 | D:5      | Found a hazy altar of Hepliaklqana.
 10039 | D:7      | Reached skill level 5 in Invocations
 10041 | D:7      | Reached skill level 14 in Axes
 10048 | D:7      | Found Zaotiamyu's Armour Shop.
 10056 | D:7      | Reached ****** piety under Uskayaw
 10693 | D:7      | Noticed a moth of wrath
 10697 | D:7      | Found a bloodstained altar of Trog.
 10820 | D:7      | Got a polished hand axe
 10823 | D:7      | Identified the +10 hand axe of the Iron City of Dis {freeze, -Tele Str+8 Dex+4} (You found it on level 7 of the Dungeon)
 11076 | Lair:1   | Entered Level 1 of the Lair of Beasts
 11271 | Lair:1   | Noticed a five-headed hydra
 11283 | Lair:1   | Killed a one-headed hydra
 11817 | Lair:1   | Noticed a black mamba
 11822 | Lair:1   | Killed a black mamba
 11855 | Lair:1   | Reached skill level 5 in Armour
 11856 | Lair:1   | Reached skill level 5 in Shields
 12215 | Lair:1   | Reached XP level 11. HP: 99/99 MP: 17/17
 12622 | Lair:2   | Noticed Nergalle
 12628 | Lair:2   | Killed Nergalle
 12655 | Lair:2   | Reached skill level 10 in Invocations
 13266 | Lair:3   | Found a staircase to the Swamp.
 13275 | Lair:3   | Reached skill level 15 in Axes
 13281 | Lair:3   | Reached XP level 12. HP: 106/106 MP: 20/20
 13566 | Lair:3   | Noticed an eight-headed hydra
 13575 | Lair:3   | Killed an 11-headed hydra
 14233 | Lair:4   | Found a hole to the Spider Nest.
 14569 | Lair:4   | Noticed a seven-headed hydra
 14588 | Lair:4   | Killed a one-headed hydra
 14823 | Lair:4   | Found a snail-covered altar of Cheibriados.
 15315 | Lair:5   | Found a dark tunnel.
 15321 | Volcano  | Entered a volcano
 15335 | Volcano  | Reached skill level 16 in Axes
 15392 | Volcano  | Reached XP level 13. HP: 112/113 MP: 22/22
 15608 | Volcano  | Reached skill level 10 in Shields
 16208 | Lair:5   | Reached skill level 10 in Armour
 16943 | Lair:6   | Entered Level 6 of the Lair of Beasts
 17306 | Lair:6   | Found a staircase to the Slime Pits.
 17745 | Lair:6   | Reached skill level 17 in Axes
 18258 | Lair:6   | HP: 4/113 [death yak (5)]
 18258 | Lair:6   | Slain by a death yak

Skill      XL: |  1  2  3  4  5  6  7  8  9 10 11 12 13 |
---------------+----------------------------------------+-----
Axes           | 3 4 5 6 7 9 11 13 14 15 16 17 | 17.3
Fighting       | 4 5 6 7 9 10 | 10.0
Invocations    | 4 8 10 12 14 | 14.1
Armour         | 5 7 9 10 | 10.0
Shields        | 5 7 9 11 | 11.5

Action                   |  1- 3 |  4- 6 |  7- 9 | 10-12 | 13-15 || total
-------------------------+-------+-------+-------+-------+-------++-------
Melee: War axe           |    67 |   171 |   471 |   107 |       ||   816
       Hand axe          |       |       |       |   317 |   198 ||   515
  Use: Scroll            |       |       |     7 |     5 |       ||    12
 Stab: Paralysed         |       |       |    16 |    39 |    41 ||    96
  Eat: Chunk             |       |     7 |    18 |    19 |     8 ||    52
       Fruit             |       |       |     3 |       |       ||     3
Armor: Scale mail        |    23 |    26 |       |       |       ||    49
       Chain mail        |       |    80 |   233 |    48 |       ||   361
       Plate armour      |       |       |       |    78 |    78 ||   156
Dodge: Dodged            |     9 |    63 |    71 |    21 |    13 ||   177
Block: Shield            |    29 |    99 |   145 |       |       ||   273
       Large shield      |       |       |   148 |   296 |   178 ||   622
